 Dungeon Sprint DCSS version 0.27-a0-1442-g87b6fcb595 (webtiles) character file.

Game seed: 2472366393403648704

19014 mhtbhm the Executioner (level 12, -19/117 HPs)
             Began as a Palentonga Berserker on July 4, 2021.
             Was the Champion of Trog.
             Killed from afar by Mara (illusionary) (57 damage)
             ... with a bolt of fire
             ... in the Dungeon (Sprint VII: "The Pits").
             The game lasted 00:06:21 (3597 turns).

mhtbhm the Executioner (Palentonga Berserker)       Turns: 3597, Time: 00:06:21

Health: -19/117    AC: 30    Str: 36    XL:     12   Next: 32%
Magic:  12/12      EV:  7    Int:  8    God:    Trog [******]
Gold:   40         SH:  0    Dex: 10    Spells: 11/11 levels left

rFire    . . .     SeeInvis +   a - +2 executioner's axe of Etosyas {flame, Str+5}
rCold    . . .     Faith    .   (shield currently unavailable)
rNeg     . . .     Spirit   .   b - +4 chain mail
rPois    .         Reflect  .   (no helmet)
rElec    .         Harm     .   (no cloak)
rCorr    .         Rampage  .   o - +0 pair of gloves
Will     .....     NoTele   +   p - +0 barding
Stlth    ..........             (no amulet)
HPRegen  0.29/turn              l - +3 ring of strength
MPRegen  0.13/turn              m - +3 ring of strength

@: on berserk cooldown, slowed, curled up, very slow
A: large, rugged brown scales 3, see invisible, deformed body, roll 1, armoured
tail, reflexive curl
a: Rolling Charge, Renounce Religion, Berserk, Trog's Hand, Brothers in Arms


You were in the Dungeon.
You worshipped Trog.
Trog was exalted by your worship.
You visited 1 branch You collected 40 gold pieces.

Inventory:

Hand Weapons
 a - the +2 executioner's axe of Etosyas (weapon) {flame, Str+5}
   (Trog gifted it to you in the Dungeon)

   It has been specially enchanted to burn those struck by it, causing extra
   injury to most foes and up to half again as much damage against particularly
   susceptible opponents.
   Big, fiery blades are also staple armaments of hydra-hunters.
   Str:       It affects your strength (+5).
Missiles
 k - a curare-tipped dart
 z - 3 throwing nets
Armour
 b - a +4 chain mail (worn)
 o - a +0 pair of gloves (worn)
 p - a +0 barding (worn)
Jewellery
 l - a +3 ring of strength (left hand)
 m - a +3 ring of strength (right hand)
 x - a ring of fire
 y - a ring of resist corrosion
 A - a ring of positive energy
Scrolls
 j - a scroll of summoning
 r - 2 scrolls of enchant armour
 s - 3 scrolls of fear
 u - a scroll of identify
 v - 2 scrolls of fog
 w - 2 scrolls of enchant weapon
Potions
 c - 8 potions of curing
 d - 6 potions of heal wounds
 e - a potion of haste
 f - 4 potions of magic
 g - 3 potions of berserk rage
 i - 2 potions of invisibility
 n - 3 potions of mutation
 q - a potion of degeneration {unknown}
 t - 2 potions of might


   Skills:
 + Level 15.3 Fighting
 * Level 21.2 Axes
 + Level 12.0 Armour
 + Level 7.0 Dodging
 - Level 0.9 Stealth


You had 11 spell levels left.
You didn't know any spells.
Your spell library was empty.

Dungeon Overview and Level Annotations

Branches:
Dungeon (1/1)

Altars:
Ashenzari
Cheibriados
Dithmenos
Elyvilon
Fedhas
Gozag
Hepliaklqana
Kikubaaqudgha
Makhleb
Nemelex Xobeh
Okawaru
Qazlal
Ru
Sif Muna
Trog
Uskayaw
Vehumet
Wu Jian
Xom
Yredelemnul
Zin
The Shining One
Beogh
Jiyva
Lugonu

Annotations:
D Mara


Innate Abilities, Weirdness & Mutations

You are completely covered in rugged brown scales. (AC +3, +7% HP)
You have supernaturally acute eyesight. (SInv)
Armour fits poorly on your strangely shaped body.
You can roll at nearby foes to attack.
You have a long armoured tail.
You curl defensively after being hit.


Message History

Your cyclops's corpse disappears in a puff of smoke!
Mara gestures at you.
The bolt of fire misses Mara.
The bolt of fire hits Mara.
Mara completely resists.
The bolt of fire misses you. Mara completely misses you.
You slice Mara!!
Mara is moderately wounded.
Mara gestures at you.
The bolt of fire hits Mara.
Mara completely resists.
The bolt of fire hits Mara.
Mara completely resists.
The bolt of fire hits you!!! Mara hits you but does no damage.
You are poisoned.
Mara hits you but does no damage.
Mara hits you with the +10 morningstar "Rumel" {venom, rF+++ Str-4 Dex+7}!!
* * * LOW HITPOINT WARNING * * *
You are lethally poisoned!
There is an open door, spattered with blood here.
Items here: )))) [[[ †††.
Unknown command.
You feel better. Mara barely misses you.
Mara hits you with the +10 morningstar "Rumel" {venom, rF+++ Str-4 Dex+7}!!
* * * LOW HITPOINT WARNING * * *
You are lethally poisoned!
Mara hits you but does no damage.
You are more poisoned.
Unknown command.
Unknown command.
Blink to where?
Press: ? - help, Dir - move target
As you read the scroll of blinking, it crumbles to dust.
* * * LOW HITPOINT WARNING * * *
You feel extremely sick.
Mara blinks!
Unknown command.
You feel better.
You feel much better. Mara gestures at you. The bolt of fire hits you!!!
You die...

#####++#### #..........#
#..........# +..#....#..#
+..........# #..........#
##########..#....#..#
........''..........#
........''......@...#
#+####..##..#....#..#
#..##...R.C....+ #..##..........+
#..####@'####++#
#..####'R####++#############
#..##..R)..##...............
######..##.#[##.##..)............
........##.#|.+.##..#############


You could see 3 Maras, a cyclops (berserk, extremely poisoned) and mhtbhm's
illusion (slow).

Vanquished Creatures
  An ettin (D)
  Harold (D)
  An ice dragon (D)
  A hydra (D)
  A death knight (D)
  Erica (D)
  3 death yaks (D)
  An orc high priest (D)
  2 vampire magi (D)
  2 fire crabs (D)
  2 bog bodies (D)
  A deep elf pyromancer (D)
  An elephant (D)
  A guardian serpent (D)
  A black mamba (D)
  A molten gargoyle (D)
  An unseen horror (D)
  A gargoyle (D)
  2 freezing wraiths (D)
  A hellwing (D)
  2 ice devils (D)
  A guardian mummy (D)
  A polar bear (D)
  A troll (D)
  5 blink frogs (D)
  2 hornets (D)
  A snapping turtle (D)
  A tarantella (D)
  A ynoxinul (D)
  A wraith (D)
  Grum (D)
  A steam dragon (D)
  2 orc warriors (D)
  An ice beast (D)
  2 wolves (D)
  2 phantoms (D)
  A kobold brigand (D)
  A gnoll sergeant (D)
  A scorpion (D)
  6 killer bees (D)
  5 wights (D)
  An orc priest (D)
  A hound (D)
  A gnoll shaman (D)
  An orc wizard (D)
  7 gnolls (D)
  3 adders (D)
  A river rat (D)
  An adder zombie (D)
  A worm (D)
  2 orcs (D)
  A bat skeleton (D)
  2 bat zombies (D)
  2 giant cockroaches (D)
  A goblin (D)
  2 quokkas (D)
  2 bats (D)
  A rat (D)
95 creatures vanquished.

Vanquished Creatures (collateral kills)
  A hydra (D)
  2 bog bodies (D)
  A deep elf zephyrmancer (D)
  A komodo dragon (D)
  A flying skull (D)
  A ynoxinul (D)
  2 swamp drakes (D)
  A phantom (D)
  3 wights (D)
  An orc priest (D)
  An iron imp (D)
  2 orc wizards (D)
  3 gnolls (D)
  An orc (D)
21 creatures vanquished.

Vanquished Creatures (others)
  An orc wizard (D)
  4 orcs (D)
5 creatures vanquished.

Grand Total: 121 creatures vanquished

Notes
Turn   | Place    | Note
-------+----------+-------------------------------------------
     0 | D        | mhtbhm the Palentonga Berserker began the quest for the
                  | Orb.
     0 | D        | Reached XP level 1. HP: 19/19 MP: 1/1
    20 | D        | Found a bloodstained altar of Trog.
    20 | D        | Found a shimmering blue altar of Sif Muna.
    20 | D        | Found a viscous altar of Jiyva.
    20 | D        | Found a hazy altar of Hepliaklqana.
    20 | D        | Found an opulent altar of Gozag.
    21 | D        | Found a glowing golden altar of the Shining One.
    21 | D        | Found a glowing silver altar of Zin.
    21 | D        | Found a basalt altar of Yredelemnul.
    21 | D        | Found a shimmering altar of Xom.
    21 | D        | Found an ornate altar of the Wu Jian Council.
    21 | D        | Found a sacrificial altar of Ru.
    21 | D        | Found a stormy altar of Qazlal.
    21 | D        | Found an iron altar of Okawaru.
    21 | D        | Found a sparkling altar of Nemelex Xobeh.
    21 | D        | Found a burning altar of Makhleb.
    21 | D        | Found a blossoming altar of Fedhas.
    21 | D        | Found a white marble altar of Elyvilon.
    21 | D        | Found a shadowy altar of Dithmenos.
    21 | D        | Found a snail-covered altar of Cheibriados.
    62 | D        | Reached ** piety under Trog
    76 | D        | Reached *** piety under Trog
    77 | D        | Reached skill level 4 in Axes
    77 | D        | Reached XP level 2. HP: 12/26 MP: 2/2
   294 | D        | Noticed an ice beast
   301 | D        | Reached XP level 3. HP: 33/33 MP: 3/3
   302 | D        | Killed an ice beast
   302 | D        | Reached **** piety under Trog
   303 | D        | Reached skill level 6 in Axes
   303 | D        | Reached XP level 4. HP: 43/43 MP: 4/4
   382 | D        | Reached skill level 7 in Axes
   382 | D        | Reached XP level 5. HP: 35/50 MP: 5/5
   383 | D        | Reached skill level 8 in Axes
   387 | D        | Reached ***** piety under Trog
   388 | D        | Reached skill level 9 in Axes
   388 | D        | Reached XP level 6. HP: 22/59 MP: 6/6
   407 | D        | Reached skill level 10 in Axes
   812 | D        | Noticed a bog body
   817 | D        | Killed a bog body
   818 | D        | Reached skill level 12 in Axes
   818 | D        | Reached skill level 5 in Armour
   818 | D        | Reached skill level 5 in Dodging
   818 | D        | Gained mutation: You curl defensively after being hit.
                  | [Palentonga growth]
   818 | D        | Reached XP level 7. HP: 69/69 MP: 7/7
   863 | D        | Reached XP level 8. HP: 51/77 MP: 8/8
   867 | D        | Reached ****** piety under Trog
   996 | D        | Noticed an unseen horror
   996 | D        | Noticed a hellwing
  1002 | D        | Killed an unseen horror
  1003 | D        | Reached skill level 10 in Fighting
  1009 | D        | Killed a hellwing
  1010 | D        | Reached skill level 13 in Axes
  1115 | D        | Found a radiant altar of Vehumet.
  1115 | D        | Found a corrupted altar of Lugonu.
  1245 | D        | Found a hide-covered altar of Uskayaw.
  1245 | D        | Found an ancient bone altar of Kikubaaqudgha.
  1245 | D        | Found a broken altar of Ashenzari.
  1272 | D        | Noticed Erica
  1272 | D        | Noticed an ice devil
  1279 | D        | Killed Erica
  1279 | D        | Identified the +9 quick blade of Jufeb {vorpal, Dex+4}
                  | (Trog gifted it to you in the Dungeon)
  1279 | D        | Received a gift from Trog
  1280 | D        | Reached skill level 14 in Axes
  1280 | D        | Reached XP level 9. HP: 86/86 MP: 9/9
  1281 | D        | Killed an ice devil
  1409 | D        | Noticed a guardian serpent
  1409 | D        | Noticed a deep elf pyromancer
  1413 | D        | Killed a deep elf pyromancer
  1420 | D        | Killed a guardian serpent
  1421 | D        | Reached skill level 15 in Axes
  1584 | D        | Paralysed by a hornet for 3 turns
  1588 | D        | Received a gift from Trog
  1592 | D        | Reached XP level 10. HP: 30/95 MP: 10/10
  1888 | D        | Noticed a death yak
  1889 | D        | Noticed a death yak
  1889 | D        | Noticed a death yak
  1900 | D        | Killed a death yak
  1900 | D        | Killed a death yak
  1901 | D        | Reached skill level 16 in Axes
  1904 | D        | Killed a death yak
  1904 | D        | Received a gift from Trog
  1905 | D        | Reached skill level 10 in Armour
  1994 | D        | Noticed a six-headed hydra
  2002 | D        | Killed a nine-headed hydra
  2003 | D        | Reached skill level 17 in Axes
  2207 | D        | Received a gift from Trog
  2208 | D        | Reached XP level 11. HP: 71/104 MP: 11/11
  2330 | D        | Noticed a bog body
  2333 | D        | Killed a bog body
  2353 | D        | Identified the +2 executioner's axe of Etosyas {flame,
                  | Str+5} (Trog gifted it to you in the Dungeon)
  2353 | D        | Received a gift from Trog
  2410 | D        | Reached skill level 18 in Axes
  2534 | D        | Received a gift from Trog
  2834 | D        | Noticed an orc high priest
  2844 | D        | Identified the +0 battleaxe "Osiragon" {vorpal, +Rage
                  | rCorr} (Trog gifted it to you in the Dungeon)
  2844 | D        | Received a gift from Trog
  2849 | D        | Killed an orc high priest
  2885 | D        | Noticed a vampire mage
  2885 | D        | Noticed Harold
  2885 | D        | Noticed a fire crab
  2885 | D        | Noticed Grum
  2892 | D        | Reached skill level 19 in Axes
  2896 | D        | Killed Harold
  2896 | D        | Received a gift from Trog
  2905 | D        | Killed a vampire mage
  2914 | D        | Killed a fire crab
  2919 | D        | Killed Grum
  3110 | D        | Noticed a seven-headed hydra
  3110 | D        | Noticed a bog body
  3113 | D        | Noticed a deep elf zephyrmancer
  3113 | D        | Noticed a bog body
  3121 | D        | Killed a six-headed hydra
  3121 | D        | Received a gift from Trog
  3121 | D        | Killed a bog body
  3122 | D        | Reached skill level 20 in Axes
  3126 | D        | Killed a bog body
  3127 | D        | Received a gift from Trog
  3135 | D        | Received a gift from Trog
  3139 | D        | Killed a deep elf zephyrmancer
  3564 | D        | Noticed Mara
  3564 | D        | Noticed an ice dragon
  3564 | D        | Noticed a death knight
  3565 | D        | Identified the +10 morningstar "Rumel" {venom, rF+++ Str-4
                  | Dex+7}
  3565 | D        | Noticed an ettin
  3566 | D        | Noticed a vampire mage
  3566 | D        | Noticed a fire crab
  3567 | D        | Reached XP level 12. HP: 115/115 MP: 12/12
  3571 | D        | Killed an ettin
  3572 | D        | Reached skill level 15 in Fighting
  3573 | D        | Killed a vampire mage
  3576 | D        | Received a gift from Trog
  3578 | D        | Killed a death knight
  3579 | D        | Killed an ice dragon
  3580 | D        | Reached skill level 21 in Axes
  3583 | D        | Found the +9 staff of Wucad Mu {*channel}
  3589 | D        | Noticed mhtbhm's illusion
  3595 | D        | HP: 5/117 [poisoned by Mara]
  3597 | D        | Killed from afar by Mara (illusionary)

Illustrated notes

Levels and vault maps discovered:
D:        pitsprint [storerooms_1, entrance_room_1, metal_vault_2, armoury_2,
          mini_pit_1, grid_room_1, main_hall_1, silver_pit, the_coven_1,
          the_vestibule_1, steel_vault_3, golden_pit, hallway_of_sentries,
          crystal_vault_2, iron_vault_2, final_vault]

Skill      XL: |  1  2  3  4  5  6  7  8  9 10 11 12 |
---------------+-------------------------------------+-----
Fighting       | 4 6 8 9 11 12 13 14 15 | 15.3
Axes           | 4 6 7 9 12 14 15 17 20 21 | 21.2
Armour         | 2 3 4 5 7 8 10 11 12 | 12.0
Dodging        | 2 3 4 5 6 7 |  7.0
Stealth        | |  0.9

Action                   |  1- 3 |  4- 6 |  7- 9 | 10-12 || total
-------------------------+-------+-------+-------+-------++-------
Melee: Hand axe          |    38 |    32 |    32 |       ||   102
       Tailslap          |     3 |     6 |     6 |    15 ||    30
       War axe           |       |       |    28 |     5 ||    33
       Battleaxe         |       |       |       |    50 ||    50
       Executioner's axe |       |       |       |    74 ||    74
Invok: Berserk           |     1 |     2 |     4 |     9 ||    16
       Brothers in Arms  |       |     1 |       |     4 ||     5
  Use: Potion            |       |     1 |     2 |     8 ||    11
       Scroll            |       |       |       |     1 ||     1
Armor: Animal skin       |    16 |       |       |       ||    16
       Chain mail        |       |     9 |    40 |   124 ||   173
Dodge: Dodged            |    27 |    12 |    16 |    43 ||    98

Table legend: (Time is in decaauts)
 A = Elapsed time spent in this place.
 B = Non-inter-level travel time spent in this place.
 C = Inter-level travel time spent in this place.
 D = Time resting spent in this place.
 E = Time spent auto-exploring this place.
 F = Levels seen in this place.
 G = Mean time per level.
                   A        B        C        D        E       F      G
               +--------+--------+--------+--------+--------+-----+--------+
         Total |   3717 |   3648 |     69 |   2477 |    120 |   1 | 3717.0 |
       Dungeon |   3717 |   3648 |     69 |   2477 |    120 |   1 | 3717.0 |
               +--------+--------+--------+--------+--------+-----+--------+

Top non-repeatable levels by time:
       D: 3717 daAuts
